[ PARTIDA AOE2 · #475449470 ]
UnrankedPolacos vs Maya
[ ANÁLISIS DE REPETICIÓN · EXTRAÍDO DE LA PARTIDA GRABADA ]
Feudal
13:44
Castillos
17:25
Imperial
37:38
| APM promedio | 41.4 |
| APM pico | 66 |
| eAPM promedio | 20.2 |
| Aldeanos / militares | 187 / 262 |
Foco
⚔️ 30.1% · 🌾 69.9%
Scout Cavalry ×172 · Knight ×85 · Trade Cog ×17 · Fishing Ship ×10 · Obuch ×2 · Trade Cart ×2
Feudal
12:51
Castillos
22:15
Imperial
40:40
| APM promedio | 42.4 |
| APM pico | 111 |
| eAPM promedio | 24.6 |
| Aldeanos / militares | 179 / 421 |
Foco
⚔️ 41.9% · 🌾 58.1%
Skirmisher ×209 · Spearman ×157 · Trade Cart ×41 · Fire Galley ×26 · Archer ×19 · Fishing Ship ×8
Feudal
11:30
Castillos
28:06
Imperial
—
| APM promedio | 48.9 |
| APM pico | 79 |
| eAPM promedio | 31.6 |
| Aldeanos / militares | 183 / 102 |
Foco
⚔️ 35.6% · 🌾 64.4%
Skirmisher ×39 · Spearman ×27 · Archer ×23 · Scout Cavalry ×7 · Fishing Ship ×4 · Militia ×3
Feudal
13:55
Castillos
18:43
Imperial
51:03
| APM promedio | 39.4 |
| APM pico | 68 |
| eAPM promedio | 23.3 |
| Aldeanos / militares | 197 / 136 |
Foco
⚔️ 29.9% · 🌾 70.1%
Scout Cavalry ×90 · Skirmisher ×26 · Fishing Ship ×9 · Scorpion ×7 · Mangonel ×4 · Spearman ×4
Feudal
11:21
Castillos
27:22
Imperial
39:29
| APM promedio | 77.9 |
| APM pico | 160 |
| eAPM promedio | 48.3 |
| Aldeanos / militares | 121 / 307 |
Foco
⚔️ 70.0% · 🌾 30.0%
Skirmisher ×247 · Galley ×34 · Trade Cart ×26 · Fishing Ship ×21 · Trade Cog ×17 · Demolition Raft ×12
Feudal
12:47
Castillos
17:13
Imperial
33:48
| APM promedio | 43.3 |
| APM pico | 90 |
| eAPM promedio | 26.1 |
| Aldeanos / militares | 122 / 188 |
Foco
⚔️ 30.6% · 🌾 69.4%
Shotel Warrior ×76 · Skirmisher ×74 · Spearman ×31 · Fishing Ship ×10 · Trade Cart ×8 · Monk ×4
Mapa de la partida
Recursos iniciales + cada clic de construcción. Líneas = muros · curvas = relieve. ◆ oro · ⬟ piedra · ● bayas · ✦ reliquia · ◌ hueco del cierre
Tu base· Abierta — flanco sin cerrar
Base de Ceeelebrate· Abierta — hueco de 5t
Base de CR | Spinetta251· Abierta — flanco sin cerrar
Base de QNA | Apachai Hopachai· Abierta — flanco sin cerrar
Base de John II· Abierta — hueco de 13t
Base de WeedMan· Abierta — flanco sin cerrar
Terreno inicial suavizado · ◌ = hueco del cierre detectado · pasá el cursor para detalles
Inputs por minuto
— Learning :) - - Ceeelebrate
Build order — Learning :)
Primeras 150 de 498 acciones detectadas
| 0:14 | Construir | Town Center |
| 2:12 | Construir | Dock |
| 2:14 | Crear | Villager (Male) ×4 |
| 3:27 | Crear | Fishing Ship |
| 3:44 | Crear | Villager (Male) |
| 3:44 | Crear | Villager (Male) |
| 3:54 | Construir | House |
| 4:32 | Investigar | Loom |
| 4:48 | Crear | Villager (Male) |
| 4:48 | Crear | Villager (Male) |
| 4:49 | Crear | Fishing Ship |
| 4:49 | Crear | Fishing Ship |
| 5:24 | Crear | Villager (Male) |
| 5:24 | Crear | Villager (Male) |
| 5:31 | Crear | Fishing Ship |
| 5:31 | Crear | Fishing Ship |
| 5:51 | Crear | Villager (Male) |
| 5:58 | Construir | House |
| 6:15 | Crear | Villager (Male) |
| 6:43 | Crear | Villager (Male) |
| 6:43 | Crear | Villager (Male) |
| 6:45 | Crear | Fishing Ship |
| 6:46 | Crear | Fishing Ship |
| 7:10 | Crear | Villager (Male) |
| 7:11 | Crear | Villager (Male) |
| 7:29 | Crear | Villager (Male) |
| 7:35 | Crear | Fishing Ship |
| 7:36 | Crear | Fishing Ship |
| 7:47 | Construir | House |
| 8:20 | Crear | Villager (Male) |
| 8:50 | Construir | Mill |
| 8:56 | Crear | Villager (Male) |
| 9:19 | Crear | Villager (Male) |
| 9:22 | Crear | Fishing Ship |
| 9:49 | Crear | Villager (Male) |
| 10:14 | Crear | Villager (Male) |
| 10:44 | Crear | Villager (Male) |
| 10:59 | Construir | Barracks |
| 11:07 | Crear | Villager (Male) |
| 11:11 | Investigar | Feudal Age |
| 11:21 | Construir | Mining Camp |
| 11:56 | Construir | House |
| 13:44 | Edad | Edad Feudal |
| 13:48 | Crear | Villager (Male) |
| 13:48 | Crear | Villager (Male) |
| 13:52 | Construir | Stable |
| 13:54 | Construir | Blacksmith |
| 14:24 | Investigar | Horse Collar |
| 14:45 | Investigar | Castle Age |
| 14:46 | Investigar | Castle Age |
| 14:48 | Construir | House |
| 14:52 | Construir | House |
| 14:53 | Construir | House |
| 15:30 | Construir | Gate |
| 15:35 | Construir | House |
| 15:36 | Construir | House |
| 15:38 | Construir | Stone Wall |
| 15:47 | Crear | Scout Cavalry |
| 15:55 | Construir | Farm |
| 16:55 | Investigar | Scale Barding Armor |
| 17:25 | Edad | Edad de los Castillos |
| 17:27 | Crear | Knight |
| 17:48 | Crear | Villager (Male) |
| 18:00 | Construir | Farm |
| 18:01 | Construir | Farm |
| 18:05 | Crear | Knight |
| 18:17 | Construir | Castle |
| 18:25 | Construir | Mining Camp |
| 18:31 | Crear | Knight |
| 18:32 | Crear | Villager (Male) |
| 18:32 | Crear | Villager (Male) |
| 18:47 | Construir | Farm |
| 18:48 | Construir | Farm |
| 19:01 | Investigar | Bloodlines |
| 19:01 | Investigar | Bloodlines |
| 19:02 | Crear | Villager (Male) |
| 19:29 | Construir | Dock |
| 19:40 | Crear | Villager (Male) |
| 20:05 | Crear | Villager (Male) |
| 20:07 | Construir | Farm |
| 20:30 | Crear | Villager (Male) |
| 20:36 | Construir | Farm |
| 20:41 | Crear | Obuch |
| 21:12 | Crear | Villager (Male) |
| 21:23 | Crear | Demolition Raft |
| 21:40 | Crear | Villager (Male) |
| 21:44 | Construir | Farm |
| 21:49 | Construir | Farm |
| 22:00 | Crear | Villager (Male) |
| 22:04 | Investigar | Chain Barding Armor |
| 22:10 | Investigar | Szlachta Privileges |
| 22:10 | Investigar | Szlachta Privileges |
| 22:35 | Crear | Villager (Male) |
| 23:00 | Crear | Villager (Male) |
| 23:21 | Construir | Castle |
| 23:30 | Investigar | Chain Barding Armor |
| 23:30 | Investigar | Chain Barding Armor |
| 23:31 | Crear | Villager (Male) |
| 23:44 | Construir | Mill |
| 23:44 | Construir | Farm |
| 23:44 | Construir | Farm |
| 23:45 | Construir | Farm |
| 23:45 | Construir | Farm |
| 23:45 | Construir | Farm |
| 23:45 | Construir | Farm |
| 24:01 | Crear | Knight |
| 24:03 | Crear | Villager (Male) |
| 24:06 | Construir | Farm |
| 24:10 | Construir | Farm |
| 24:20 | Crear | Knight |
| 24:31 | Crear | Obuch |
| 24:39 | Crear | Knight |
| 24:40 | Crear | Villager (Male) |
| 24:43 | Construir | Farm |
| 25:08 | Crear | Villager (Male) |
| 25:20 | Crear | Villager (Male) |
| 25:33 | Crear | Villager (Male) |
| 26:20 | Construir | Market |
| 26:31 | Crear | Villager (Male) |
| 26:32 | Crear | Villager (Male) |
| 26:47 | Crear | Villager (Male) |
| 26:52 | Construir | Town Center |
| 27:01 | Investigar | Forging |
| 27:07 | Crear | Villager (Male) |
| 27:44 | Crear | Villager (Male) |
| 28:02 | Construir | Town Center |
| 28:09 | Crear | Villager (Male) |
| 28:10 | Crear | Villager (Male) |
| 28:29 | Crear | Villager (Male) |
| 28:29 | Crear | Villager (Male) |
| 29:08 | Crear | Villager (Male) |
| 29:09 | Crear | Villager (Male) |
| 29:09 | Crear | Villager (Male) |
| 29:14 | Construir | Mill |
| 29:15 | Construir | Farm |
| 29:15 | Construir | Farm |
| 29:15 | Construir | Farm |
| 29:15 | Construir | Farm |
| 29:16 | Construir | Farm |
| 29:21 | Crear | Villager (Male) |
| 29:32 | Construir | Farm |
| 29:43 | Crear | Villager (Male) |
| 29:43 | Crear | Villager (Male) |
| 29:59 | Construir | Lumber Camp |
| 30:00 | Crear | Villager (Male) |
| 30:01 | Crear | Villager (Male) |
| 30:17 | Crear | Knight |
| 30:18 | Crear | Villager (Male) |
| 30:18 | Crear | Villager (Male) |
| 30:23 | Construir | Mill |
Build order — Ceeelebrate
Primeras 150 de 761 acciones detectadas
| 0:12 | Construir | Town Center |
| 2:25 | Crear | Villager (Male) |
| 2:25 | Crear | Villager (Male) |
| 2:26 | Crear | Villager (Male) |
| 2:28 | Construir | House |
| 2:36 | Construir | Dock |
| 3:13 | Construir | Dock |
| 3:44 | Crear | Villager (Male) |
| 3:44 | Crear | Villager (Male) |
| 4:03 | Construir | House |
| 4:13 | Crear | Villager (Male) |
| 4:13 | Crear | Villager (Male) |
| 4:35 | Crear | Villager (Male) |
| 4:35 | Crear | Villager (Male) |
| 4:58 | Crear | Villager (Male) |
| 4:58 | Crear | Villager (Male) |
| 5:09 | Construir | Palisade Wall |
| 5:12 | Construir | Palisade Wall |
| 5:27 | Crear | Villager (Male) |
| 5:27 | Crear | Villager (Male) |
| 5:48 | Crear | Villager (Male) |
| 5:48 | Crear | Villager (Male) |
| 6:02 | Crear | Villager (Male) |
| 6:03 | Crear | Villager (Male) |
| 6:18 | Crear | Fishing Ship |
| 6:28 | Investigar | Loom |
| 6:40 | Crear | Villager (Male) |
| 6:45 | Construir | House |
| 7:15 | Crear | Fishing Ship |
| 7:17 | Crear | Villager (Male) |
| 7:32 | Crear | Villager (Male) |
| 7:48 | Construir | House |
| 7:51 | Crear | Fishing Ship |
| 8:10 | Crear | Villager (Male) |
| 8:11 | Crear | Villager (Male) |
| 8:34 | Crear | Villager (Male) |
| 8:34 | Crear | Villager (Male) |
| 8:36 | Crear | Fishing Ship |
| 8:50 | Construir | House |
| 9:02 | Crear | Fishing Ship |
| 9:04 | Construir | House |
| 9:14 | Crear | Villager (Male) |
| 9:38 | Construir | Mining Camp |
| 9:47 | Crear | Fishing Ship |
| 10:41 | Investigar | Feudal Age |
| 10:41 | Investigar | Feudal Age |
| 11:02 | Construir | Lumber Camp |
| 11:22 | Crear | Fishing Ship |
| 11:52 | Construir | Dock |
| 12:03 | Crear | Fishing Ship |
| 12:32 | Construir | Dock |
| 12:36 | Construir | House |
| 12:47 | Crear | Villager (Male) |
| 12:51 | Edad | Edad Feudal |
| 12:54 | Crear | Fire Galley |
| 13:13 | Crear | Fire Galley |
| 13:14 | Crear | Villager (Male) |
| 13:24 | Investigar | Double-Bit Axe |
| 13:24 | Investigar | Double-Bit Axe |
| 13:27 | Construir | House |
| 13:33 | Crear | Villager (Male) |
| 13:34 | Crear | Villager (Male) |
| 13:34 | Crear | Villager (Male) |
| 13:45 | Crear | Fire Galley |
| 13:45 | Crear | Fire Galley |
| 14:12 | Crear | Villager (Male) |
| 14:27 | Crear | Fire Galley |
| 14:29 | Crear | Villager (Male) |
| 14:51 | Construir | House |
| 14:52 | Construir | House |
| 14:57 | Crear | Fire Galley |
| 14:57 | Crear | Fire Galley |
| 14:58 | Crear | Villager (Male) |
| 15:27 | Crear | Villager (Male) |
| 15:35 | Crear | Fire Galley |
| 15:35 | Crear | Fire Galley |
| 15:54 | Crear | Villager (Male) |
| 15:56 | Crear | Fire Galley |
| 15:58 | Construir | House |
| 16:00 | Construir | House |
| 16:04 | Construir | Mill |
| 16:33 | Crear | Villager (Male) |
| 16:40 | Crear | Fire Galley ×4 |
| 16:51 | Crear | Villager (Male) |
| 16:54 | Construir | Fish Trap |
| 17:11 | Crear | Fire Galley |
| 17:13 | Crear | Villager (Male) |
| 17:26 | Construir | Fish Trap |
| 17:52 | Crear | Villager (Male) |
| 18:15 | Crear | Villager (Male) |
| 18:33 | Construir | Market |
| 18:38 | Construir | Blacksmith |
| 18:49 | Construir | Lumber Camp |
| 19:09 | Crear | Villager (Male) |
| 19:16 | Construir | Fish Trap |
| 19:35 | Investigar | Castle Age |
| 19:35 | Investigar | Castle Age |
| 19:40 | Crear | Fire Galley |
| 19:51 | Construir | Lumber Camp |
| 20:02 | Crear | Fire Galley |
| 20:26 | Construir | Dock |
| 20:43 | Crear | Fire Galley |
| 20:56 | Construir | Fish Trap |
| 21:01 | Crear | Fire Galley ×2 |
| 21:05 | Crear | Villager (Male) |
| 21:56 | Crear | Villager (Male) |
| 22:08 | Crear | Villager (Male) |
| 22:15 | Edad | Edad de los Castillos |
| 22:19 | Investigar | War Galley (upgrade) |
| 22:22 | Crear | Villager (Male) |
| 22:25 | Construir | Town Center |
| 22:36 | Construir | Town Center |
| 22:38 | Crear | Villager (Male) |
| 23:32 | Crear | Villager (Male) |
| 23:32 | Crear | Villager (Male) |
| 23:38 | Crear | Villager (Male) |
| 23:48 | Crear | Villager (Male) |
| 23:57 | Investigar | Horse Collar |
| 23:59 | Construir | Farm |
| 24:00 | Construir | Farm |
| 24:00 | Construir | Farm |
| 24:00 | Construir | Farm |
| 24:00 | Construir | Farm |
| 24:06 | Crear | Villager (Male) |
| 24:06 | Crear | Villager (Male) |
| 24:06 | Crear | Villager (Male) |
| 24:08 | Investigar | Bow Saw |
| 24:09 | Investigar | Bow Saw |
| 24:14 | Construir | Fish Trap |
| 24:16 | Construir | House |
| 24:17 | Construir | House |
| 24:18 | Crear | Villager (Male) |
| 24:29 | Crear | Fire Galley |
| 24:29 | Crear | Fire Galley |
| 24:30 | Crear | Fire Galley |
| 24:37 | Crear | Villager (Male) |
| 24:37 | Crear | Villager (Male) |
| 24:54 | Crear | Villager (Male) |
| 24:54 | Crear | Villager (Male) |
| 25:16 | Crear | Fire Galley |
| 25:17 | Crear | Fire Galley |
| 25:17 | Crear | Fire Galley |
| 25:21 | Construir | Fish Trap |
| 25:25 | Crear | Villager (Male) |
| 25:26 | Crear | Villager (Male) |
| 25:30 | Construir | Farm |
| 25:30 | Construir | Farm |
| 25:30 | Construir | Farm |
| 25:30 | Construir | Farm |
| 25:31 | Construir | Farm |
Build order — CR | Spinetta251
Primeras 150 de 558 acciones detectadas
| 0:23 | Construir | Town Center |
| 1:09 | Construir | Dock |
| 2:37 | Crear | Villager (Male) |
| 2:37 | Crear | Villager (Male) |
| 2:38 | Crear | Villager (Male) |
| 2:45 | Crear | Villager (Male) |
| 2:46 | Crear | Villager (Male) |
| 2:46 | Crear | Villager (Male) |
| 3:41 | Crear | Villager (Male) |
| 3:42 | Crear | Fishing Ship |
| 4:13 | Crear | Villager (Male) |
| 4:13 | Crear | Villager (Male) |
| 4:33 | Construir | House |
| 4:48 | Crear | Villager (Male) |
| 5:17 | Crear | Villager (Male) |
| 5:38 | Crear | Villager (Male) |
| 5:38 | Crear | Villager (Male) |
| 6:02 | Crear | Villager (Male) |
| 6:02 | Crear | Villager (Male) |
| 6:08 | Construir | House |
| 6:12 | Crear | Fishing Ship |
| 6:31 | Crear | Villager (Male) |
| 6:45 | Crear | Villager (Male) |
| 6:47 | Crear | Fishing Ship |
| 7:09 | Construir | House |
| 7:12 | Crear | Villager (Male) |
| 7:36 | Crear | Villager (Male) |
| 7:55 | Construir | Mining Camp |
| 8:02 | Construir | House |
| 8:55 | Investigar | Loom |
| 9:09 | Investigar | Feudal Age |
| 10:02 | Construir | Barracks |
| 10:59 | Crear | Militia |
| 10:59 | Crear | Militia |
| 11:14 | Crear | Villager (Male) |
| 11:30 | Edad | Edad Feudal |
| 11:34 | Construir | Archery Range |
| 11:41 | Crear | Villager (Male) |
| 11:51 | Crear | Militia |
| 11:59 | Construir | House |
| 12:01 | Construir | Lumber Camp |
| 12:15 | Investigar | Man-at-Arms (upgrade) |
| 12:31 | Crear | Archer |
| 12:34 | Crear | Villager (Male) |
| 12:41 | Crear | Archer |
| 12:53 | Crear | Villager (Male) |
| 12:59 | Investigar | Double-Bit Axe |
| 13:21 | Construir | House |
| 13:24 | Construir | House |
| 13:28 | Crear | Archer |
| 13:29 | Crear | Villager (Male) |
| 13:57 | Crear | Villager (Male) |
| 13:59 | Crear | Archer |
| 14:10 | Crear | Archer |
| 14:15 | Crear | Villager (Male) |
| 14:25 | Construir | Watch Tower |
| 14:47 | Construir | Watch Tower |
| 14:55 | Crear | Villager (Male) |
| 14:55 | Crear | Archer |
| 15:07 | Construir | House |
| 15:21 | Crear | Villager (Male) |
| 15:27 | Crear | Archer |
| 15:32 | Construir | House |
| 15:38 | Crear | Villager (Male) |
| 15:59 | Crear | Villager (Male) |
| 16:05 | Construir | Mining Camp |
| 16:13 | Crear | Villager (Male) |
| 16:20 | Crear | Archer |
| 16:26 | Crear | Villager (Male) |
| 16:46 | Construir | House |
| 16:53 | Crear | Villager (Male) |
| 17:11 | Crear | Villager (Male) |
| 17:13 | Construir | Stone Wall |
| 17:18 | Construir | Mill |
| 17:24 | Crear | Villager (Male) |
| 17:29 | Crear | Archer |
| 17:39 | Crear | Archer |
| 17:53 | Construir | Watch Tower |
| 17:57 | Construir | Blacksmith |
| 17:58 | Crear | Fishing Ship |
| 18:09 | Crear | Villager (Male) |
| 18:12 | Construir | Market |
| 18:17 | Construir | House |
| 18:20 | Construir | Palisade Wall |
| 18:22 | Construir | House |
| 18:28 | Investigar | Fletching |
| 18:29 | Crear | Villager (Male) |
| 18:45 | Crear | Villager (Male) |
| 18:59 | Crear | Villager (Male) |
| 19:05 | Construir | Farm |
| 19:07 | Construir | Farm |
| 19:08 | Construir | Farm |
| 19:09 | Construir | Farm |
| 19:10 | Construir | Farm |
| 19:16 | Crear | Archer |
| 19:21 | Construir | Farm |
| 19:23 | Construir | Farm |
| 19:51 | Construir | Stable |
| 19:52 | Crear | Villager (Male) |
| 19:53 | Crear | Archer |
| 20:21 | Construir | Watch Tower |
| 20:41 | Construir | Watch Tower |
| 20:46 | Crear | Villager (Male) |
| 20:49 | Construir | Farm |
| 20:50 | Construir | Farm |
| 20:51 | Crear | Scout Cavalry |
| 20:52 | Crear | Scout Cavalry |
| 21:13 | Crear | Villager (Male) |
| 21:15 | Construir | Farm |
| 21:19 | Crear | Villager (Male) |
| 21:30 | Crear | Archer |
| 21:33 | Crear | Archer |
| 21:36 | Crear | Villager (Male) |
| 21:40 | Construir | Farm |
| 21:41 | Construir | Farm |
| 21:42 | Construir | Farm |
| 21:48 | Construir | Farm |
| 21:49 | Crear | Scout Cavalry |
| 21:49 | Crear | Villager (Male) |
| 21:52 | Investigar | Scale Barding Armor |
| 22:08 | Construir | Farm |
| 22:13 | Construir | Farm |
| 22:14 | Construir | Farm |
| 22:17 | Crear | Scout Cavalry |
| 22:21 | Crear | Villager (Male) |
| 22:23 | Crear | Archer |
| 22:29 | Construir | Farm |
| 22:44 | Construir | House |
| 22:47 | Construir | House |
| 22:58 | Crear | Villager (Male) |
| 22:59 | Crear | Scout Cavalry |
| 23:03 | Investigar | Forging |
| 23:20 | Crear | Villager (Male) |
| 23:24 | Crear | Archer |
| 23:43 | Crear | Scout Cavalry |
| 23:46 | Crear | Villager (Male) |
| 23:49 | Crear | Archer |
| 24:02 | Crear | Villager (Male) |
| 24:05 | Crear | Archer |
| 24:12 | Construir | Farm |
| 24:13 | Construir | Farm |
| 24:16 | Construir | Farm |
| 24:17 | Construir | Farm |
| 24:22 | Crear | Villager (Male) |
| 24:49 | Construir | Mining Camp |
| 25:06 | Crear | Villager (Male) |
| 25:26 | Investigar | Castle Age |
| 25:26 | Investigar | Castle Age |
| 25:29 | Crear | Archer |
| 25:34 | Crear | Archer |
Build order — QNA | Apachai Hopachai
Primeras 150 de 555 acciones detectadas
| 0:31 | Construir | Town Center |
| 1:56 | Construir | Palisade Wall |
| 2:00 | Construir | Palisade Wall |
| 2:56 | Crear | Villager (Male) |
| 2:57 | Crear | Villager (Male) |
| 2:57 | Crear | Villager (Male) |
| 3:02 | Crear | Villager (Male) |
| 3:08 | Construir | Palisade Wall |
| 3:12 | Construir | Dock |
| 3:20 | Construir | Palisade Wall |
| 3:22 | Construir | Palisade Wall |
| 3:30 | Construir | House |
| 4:33 | Investigar | Loom |
| 4:34 | Crear | Fishing Ship |
| 4:34 | Crear | Fishing Ship |
| 5:10 | Crear | Villager (Male) |
| 5:10 | Crear | Villager (Male) |
| 5:37 | Construir | House |
| 5:43 | Crear | Villager (Male) |
| 5:43 | Crear | Villager (Male) |
| 5:45 | Construir | House |
| 5:57 | Crear | Villager (Male) |
| 5:57 | Crear | Villager (Male) |
| 6:32 | Crear | Villager (Male) |
| 6:51 | Crear | Villager (Male) |
| 6:51 | Crear | Villager (Male) |
| 7:06 | Crear | Fishing Ship |
| 7:06 | Crear | Fishing Ship |
| 7:11 | Crear | Villager (Male) |
| 7:12 | Crear | Villager (Male) |
| 7:13 | Construir | House |
| 7:28 | Crear | Villager (Male) |
| 7:28 | Crear | Villager (Male) |
| 7:53 | Crear | Villager (Male) |
| 7:53 | Crear | Villager (Male) |
| 8:08 | Crear | Villager (Male) |
| 8:08 | Crear | Villager (Male) |
| 8:23 | Crear | Fishing Ship |
| 8:23 | Crear | Fishing Ship |
| 8:49 | Crear | Villager (Male) |
| 8:53 | Crear | Fishing Ship |
| 8:54 | Crear | Fishing Ship |
| 9:03 | Construir | House |
| 9:22 | Crear | Villager (Male) |
| 9:36 | Crear | Villager (Male) |
| 10:03 | Construir | House |
| 10:11 | Construir | Mill |
| 10:21 | Crear | Villager (Male) |
| 10:31 | Construir | Mining Camp |
| 10:35 | Construir | Palisade Wall |
| 10:36 | Construir | Palisade Wall |
| 10:38 | Construir | Palisade Wall |
| 10:39 | Construir | Palisade Wall |
| 10:51 | Crear | Villager (Male) |
| 10:59 | Crear | Villager (Male) |
| 11:03 | Construir | Palisade Gate |
| 11:06 | Construir | Palisade Wall |
| 11:22 | Crear | Fishing Ship |
| 11:45 | Investigar | Feudal Age |
| 11:59 | Construir | Palisade Wall |
| 13:55 | Edad | Edad Feudal |
| 13:57 | Crear | Villager (Male) |
| 13:58 | Crear | Villager (Male) |
| 14:03 | Construir | Market |
| 14:08 | Construir | Blacksmith |
| 14:35 | Construir | Watch Tower |
| 16:03 | Investigar | Castle Age |
| 16:27 | Construir | Lumber Camp |
| 17:47 | Construir | House |
| 18:43 | Edad | Edad de los Castillos |
| 18:48 | Construir | Siege Workshop |
| 18:52 | Crear | Villager (Male) |
| 19:12 | Construir | House |
| 19:15 | Crear | Mangonel |
| 19:22 | Construir | House |
| 19:42 | Crear | Villager (Male) |
| 20:18 | Crear | Villager (Male) |
| 20:23 | Crear | Villager (Male) |
| 20:31 | Construir | Town Center |
| 21:02 | Crear | Scorpion |
| 24:08 | Crear | Armored Elephant |
| 24:11 | Crear | Scorpion |
| 24:11 | Crear | Scorpion |
| 24:12 | Crear | Villager (Male) |
| 24:23 | Crear | Villager (Male) |
| 25:05 | Construir | Farm |
| 25:24 | Crear | Villager (Male) |
| 25:34 | Construir | Farm |
| 25:51 | Crear | Villager (Male) |
| 25:54 | Construir | Farm |
| 26:04 | Crear | Villager (Male) |
| 26:08 | Investigar | Double-Bit Axe |
| 26:34 | Construir | House |
| 26:36 | Construir | Palisade Wall |
| 26:40 | Construir | Farm |
| 26:41 | Crear | Villager (Male) |
| 26:46 | Construir | House |
| 26:53 | Crear | Villager (Male) |
| 27:02 | Construir | Mining Camp |
| 27:02 | Crear | Villager (Male) |
| 27:05 | Crear | Villager (Male) |
| 27:05 | Crear | Villager (Male) |
| 27:15 | Construir | Farm |
| 27:34 | Crear | Scorpion |
| 28:19 | Construir | Palisade Wall |
| 28:19 | Crear | Villager (Male) |
| 28:23 | Construir | House |
| 28:25 | Construir | House |
| 28:28 | Construir | Palisade Wall |
| 28:32 | Construir | Palisade Wall |
| 28:44 | Crear | Villager (Male) |
| 28:46 | Construir | House |
| 28:52 | Construir | Lumber Camp |
| 29:00 | Construir | House |
| 29:09 | Construir | Palisade Wall |
| 29:11 | Construir | Palisade Wall |
| 29:20 | Crear | Villager (Male) |
| 29:23 | Crear | Villager (Male) |
| 29:29 | Construir | Farm |
| 29:29 | Construir | Farm |
| 29:40 | Construir | Farm |
| 29:41 | Crear | Villager (Male) |
| 29:53 | Construir | Farm |
| 30:18 | Crear | Villager (Male) |
| 30:18 | Crear | Villager (Male) |
| 30:44 | Crear | Villager (Male) |
| 31:24 | Crear | Villager (Male) |
| 32:02 | Crear | Villager (Male) |
| 32:02 | Crear | Villager (Male) |
| 32:06 | Construir | Monastery |
| 32:16 | Crear | Villager (Male) |
| 32:32 | Crear | Monk |
| 32:36 | Construir | Farm |
| 32:43 | Crear | Villager (Male) |
| 32:43 | Crear | Villager (Male) |
| 32:47 | Construir | Palisade Gate |
| 32:55 | Construir | Farm |
| 33:00 | Construir | Farm |
| 33:07 | Crear | Villager (Male) |
| 33:16 | Crear | Villager (Male) |
| 33:37 | Crear | Villager (Male) |
| 33:37 | Crear | Villager (Male) |
| 33:56 | Construir | Town Center |
| 33:58 | Crear | Villager (Male) |
| 34:07 | Crear | Villager (Male) |
| 34:07 | Crear | Villager (Male) |
| 34:28 | Construir | Town Center |
| 34:31 | Crear | Villager (Male) |
| 34:35 | Construir | Palisade Gate |
| 34:40 | Crear | Mangonel |
Build order — John II
Primeras 150 de 719 acciones detectadas
| 0:09 | Construir | Dock |
| 0:34 | Construir | Town Center |
| 2:39 | Crear | Villager (Male) |
| 2:39 | Crear | Villager (Male) |
| 2:40 | Crear | Villager (Male) |
| 2:40 | Crear | Villager (Male) |
| 2:40 | Crear | Villager (Male) |
| 2:41 | Crear | Villager (Male) |
| 3:20 | Crear | Fishing Ship |
| 3:51 | Construir | House |
| 4:37 | Crear | Villager (Male) |
| 4:37 | Crear | Villager (Male) |
| 4:55 | Crear | Fishing Ship |
| 5:13 | Crear | Villager (Male) |
| 5:14 | Crear | Villager (Male) |
| 5:30 | Construir | Palisade Wall |
| 5:34 | Construir | Palisade Wall |
| 5:35 | Construir | Palisade Wall |
| 5:36 | Construir | Palisade Wall |
| 5:39 | Construir | Palisade Wall |
| 5:39 | Construir | Palisade Wall |
| 5:41 | Construir | Palisade Wall |
| 5:54 | Crear | Villager (Male) |
| 5:54 | Crear | Villager (Male) |
| 6:26 | Crear | Villager (Male) |
| 6:32 | Construir | House |
| 6:54 | Crear | Villager (Male) |
| 6:54 | Crear | Villager (Male) |
| 7:14 | Crear | Fishing Ship |
| 7:14 | Crear | Fishing Ship |
| 7:23 | Construir | House |
| 7:36 | Construir | House |
| 7:42 | Investigar | Loom |
| 7:56 | Construir | Mining Camp |
| 8:10 | Crear | Villager (Male) |
| 9:11 | Investigar | Feudal Age |
| 9:11 | Investigar | Feudal Age |
| 9:20 | Construir | Dock |
| 9:52 | Crear | Fishing Ship |
| 9:53 | Crear | Fishing Ship |
| 10:00 | Crear | Villager (Male) |
| 10:03 | Crear | Fishing Ship |
| 10:03 | Crear | Fishing Ship |
| 11:21 | Edad | Edad Feudal |
| 11:23 | Crear | Galley |
| 11:23 | Crear | Galley |
| 11:38 | Construir | Dock |
| 11:39 | Crear | Villager (Male) |
| 11:43 | Crear | Villager (Male) |
| 11:47 | Construir | Lumber Camp |
| 11:51 | Construir | Palisade Wall |
| 11:52 | Construir | Palisade Wall |
| 11:53 | Construir | Palisade Wall |
| 12:04 | Crear | Galley |
| 12:04 | Crear | Galley |
| 12:10 | Crear | Galley |
| 12:10 | Crear | Galley |
| 12:35 | Crear | Villager (Male) |
| 13:01 | Crear | Villager (Male) |
| 13:09 | Construir | Blacksmith |
| 13:11 | Construir | House |
| 13:19 | Crear | Galley |
| 13:19 | Crear | Galley |
| 13:22 | Crear | Villager (Male) |
| 13:46 | Crear | Villager (Male) |
| 13:49 | Crear | Galley |
| 14:12 | Investigar | Fletching |
| 14:13 | Investigar | Fletching |
| 14:20 | Crear | Villager (Male) |
| 14:20 | Crear | Villager (Male) |
| 14:23 | Crear | Galley |
| 14:23 | Crear | Galley |
| 14:23 | Crear | Galley |
| 14:28 | Construir | House |
| 14:45 | Crear | Villager (Male) |
| 14:48 | Crear | Galley |
| 14:48 | Crear | Galley |
| 15:18 | Crear | Villager (Male) |
| 15:20 | Crear | Galley |
| 15:20 | Crear | Galley |
| 15:38 | Crear | Villager (Male) |
| 15:55 | Crear | Galley |
| 15:56 | Crear | Galley |
| 15:56 | Crear | Galley |
| 16:15 | Crear | Villager (Male) |
| 16:15 | Crear | Villager (Male) |
| 16:23 | Crear | Galley |
| 16:23 | Crear | Galley |
| 16:23 | Crear | Galley |
| 17:08 | Crear | Galley |
| 17:09 | Crear | Galley |
| 17:09 | Crear | Galley |
| 17:32 | Construir | House |
| 17:33 | Construir | House |
| 17:43 | Crear | Galley |
| 17:44 | Crear | Galley |
| 17:44 | Crear | Galley |
| 18:07 | Crear | Villager (Male) |
| 18:14 | Construir | Mill |
| 18:25 | Crear | Demolition Raft |
| 18:45 | Crear | Villager (Male) |
| 18:53 | Crear | Demolition Raft |
| 18:53 | Crear | Demolition Raft |
| 18:54 | Crear | Demolition Raft |
| 18:58 | Crear | Fishing Ship |
| 18:58 | Crear | Fishing Ship |
| 19:05 | Crear | Villager (Male) |
| 19:17 | Construir | House |
| 19:18 | Construir | House |
| 19:26 | Crear | Villager (Male) |
| 19:32 | Construir | Mill |
| 20:07 | Construir | House |
| 20:19 | Crear | Villager (Male) |
| 20:36 | Crear | Villager (Male) |
| 20:50 | Crear | Galley |
| 20:50 | Crear | Galley |
| 20:50 | Crear | Galley |
| 20:50 | Crear | Galley |
| 21:17 | Crear | Villager (Male) |
| 21:45 | Crear | Villager (Male) |
| 21:47 | Crear | Fishing Ship |
| 21:48 | Crear | Fishing Ship |
| 21:48 | Crear | Fishing Ship |
| 22:11 | Crear | Villager (Male) |
| 22:14 | Construir | Market |
| 22:26 | Crear | Villager (Male) |
| 22:41 | Crear | Villager (Male) |
| 22:50 | Construir | House |
| 23:03 | Construir | Dock |
| 23:21 | Crear | Demolition Raft |
| 23:21 | Crear | Demolition Raft |
| 23:21 | Crear | Demolition Raft |
| 23:23 | Crear | Villager (Male) |
| 23:38 | Crear | Villager (Male) |
| 23:54 | Crear | Villager (Male) |
| 23:55 | Crear | Galley |
| 23:56 | Crear | Galley |
| 23:57 | Crear | Villager (Male) |
| 24:32 | Crear | Villager (Male) |
| 24:39 | Construir | Lumber Camp |
| 24:39 | Investigar | Castle Age |
| 24:40 | Investigar | Castle Age |
| 24:48 | Construir | Mining Camp |
| 24:52 | Construir | Mining Camp |
| 25:18 | Crear | Villager (Male) |
| 25:31 | Crear | Fishing Ship |
| 25:31 | Crear | Fishing Ship |
| 25:32 | Crear | Fishing Ship |
| 25:33 | Crear | Fishing Ship |
| 26:12 | Crear | Villager (Male) |
Build order — WeedMan
Primeras 150 de 555 acciones detectadas
| 0:08 | Construir | Town Center |
| 0:54 | Construir | Dock |
| 1:32 | Construir | House |
| 2:45 | Crear | Villager (Male) |
| 2:46 | Crear | Villager (Male) |
| 2:46 | Crear | Villager (Male) |
| 3:13 | Crear | Villager (Male) |
| 3:50 | Crear | Fishing Ship |
| 3:50 | Crear | Fishing Ship |
| 4:19 | Construir | House |
| 4:25 | Investigar | Loom |
| 4:25 | Investigar | Loom |
| 4:44 | Crear | Villager (Male) |
| 4:44 | Crear | Villager (Male) |
| 5:18 | Crear | Villager (Male) |
| 5:19 | Crear | Villager (Male) |
| 5:43 | Crear | Fishing Ship |
| 5:44 | Crear | Fishing Ship |
| 5:55 | Crear | Villager (Male) |
| 5:55 | Crear | Villager (Male) |
| 6:14 | Crear | Villager (Male) |
| 6:31 | Construir | House |
| 6:48 | Crear | Villager (Male) |
| 6:48 | Crear | Villager (Male) |
| 7:09 | Crear | Fishing Ship |
| 7:09 | Crear | Fishing Ship |
| 7:13 | Crear | Villager (Male) |
| 7:13 | Crear | Villager (Male) |
| 7:58 | Construir | House |
| 8:01 | Crear | Villager (Male) |
| 8:02 | Crear | Villager (Male) |
| 8:14 | Crear | Fishing Ship |
| 8:14 | Crear | Fishing Ship |
| 8:20 | Crear | Villager (Male) |
| 8:20 | Crear | Villager (Male) |
| 8:35 | Crear | Villager (Male) |
| 8:59 | Crear | Fishing Ship |
| 9:23 | Crear | Villager (Male) |
| 9:29 | Construir | House |
| 10:00 | Crear | Villager (Male) |
| 10:08 | Construir | Lumber Camp |
| 10:37 | Investigar | Feudal Age |
| 10:37 | Investigar | Feudal Age |
| 11:58 | Crear | Fishing Ship |
| 12:36 | Crear | Villager (Male) |
| 12:37 | Crear | Villager (Male) |
| 12:47 | Edad | Edad Feudal |
| 12:53 | Construir | Mill |
| 12:57 | Crear | Villager (Male) |
| 12:59 | Construir | Blacksmith |
| 13:34 | Construir | Market |
| 13:43 | Crear | Villager (Male) |
| 14:17 | Construir | Mining Camp |
| 14:33 | Investigar | Castle Age |
| 14:34 | Investigar | Castle Age |
| 14:42 | Construir | House |
| 14:46 | Construir | House |
| 15:16 | Investigar | Double-Bit Axe |
| 15:16 | Investigar | Double-Bit Axe |
| 15:59 | Construir | House |
| 16:00 | Construir | House |
| 17:13 | Edad | Edad de los Castillos |
| 17:16 | Crear | Villager (Male) |
| 17:26 | Construir | Town Center |
| 17:35 | Construir | Town Center |
| 17:44 | Crear | Villager (Male) |
| 17:50 | Investigar | Bow Saw |
| 17:50 | Investigar | Bow Saw |
| 18:03 | Crear | Villager (Male) |
| 18:33 | Crear | Villager (Male) |
| 18:37 | Crear | Villager (Male) |
| 18:37 | Crear | Villager (Male) |
| 18:43 | Crear | Villager (Male) |
| 18:43 | Crear | Villager (Male) |
| 19:01 | Construir | Stone Wall |
| 19:13 | Construir | Stone Wall |
| 19:19 | Investigar | Stone Mining |
| 19:20 | Investigar | Stone Mining |
| 19:20 | Crear | Villager (Male) |
| 19:34 | Construir | Monastery |
| 19:35 | Crear | Villager (Male) |
| 19:42 | Crear | Villager (Male) |
| 19:47 | Crear | Villager (Male) |
| 19:58 | Crear | Villager (Male) |
| 19:59 | Crear | Monk |
| 20:08 | Crear | Villager (Male) |
| 20:20 | Crear | Villager (Male) |
| 20:22 | Construir | Mining Camp |
| 20:29 | Crear | Villager (Male) |
| 20:32 | Crear | Monk |
| 20:37 | Crear | Villager (Male) |
| 20:41 | Crear | Villager (Male) |
| 21:11 | Crear | Villager (Male) |
| 21:16 | Construir | Gate |
| 21:17 | Crear | Villager (Male) |
| 21:17 | Crear | Villager (Male) |
| 21:26 | Construir | Town Center |
| 21:29 | Construir | Farm |
| 21:30 | Construir | Farm |
| 21:32 | Crear | Villager (Male) |
| 21:32 | Crear | Villager (Male) |
| 21:38 | Crear | Monk |
| 21:43 | Construir | Farm |
| 21:46 | Crear | Villager (Male) |
| 21:55 | Construir | House |
| 22:10 | Crear | Villager (Male) |
| 22:12 | Construir | House |
| 22:35 | Crear | Villager (Male) |
| 22:49 | Construir | Castle |
| 22:57 | Construir | Farm |
| 23:00 | Construir | Farm |
| 23:06 | Construir | House |
| 23:07 | Construir | House |
| 23:08 | Construir | House |
| 23:09 | Crear | Villager (Male) |
| 23:09 | Crear | Villager (Male) |
| 23:16 | Construir | Farm |
| 23:23 | Construir | Farm |
| 23:31 | Construir | Stone Wall |
| 23:33 | Construir | Farm |
| 23:34 | Construir | Farm |
| 23:36 | Crear | Villager (Male) |
| 23:45 | Construir | Mining Camp |
| 24:02 | Crear | Villager (Male) |
| 24:02 | Crear | Villager (Male) |
| 24:06 | Construir | Farm |
| 24:06 | Construir | Farm |
| 24:07 | Construir | Farm |
| 24:18 | Construir | Stone Wall |
| 24:25 | Crear | Villager (Male) |
| 24:25 | Crear | Villager (Male) |
| 24:29 | Construir | Lumber Camp |
| 24:39 | Construir | Stone Wall |
| 24:46 | Construir | Farm |
| 24:47 | Construir | Farm |
| 24:49 | Crear | Villager (Male) |
| 24:53 | Construir | House |
| 24:54 | Construir | House |
| 25:03 | Crear | Monk |
| 25:11 | Construir | Stone Wall |
| 25:14 | Crear | Villager (Male) |
| 25:20 | Construir | Farm |
| 25:20 | Construir | Farm |
| 25:25 | Construir | Farm |
| 25:28 | Crear | Villager (Male) |
| 25:28 | Crear | Villager (Male) |
| 25:34 | Crear | Villager (Male) |
| 25:34 | Crear | Villager (Male) |
| 25:48 | Construir | University |
| 25:48 | Crear | Villager (Male) |
Cronología de la partida
| 0:09 | John II · first_building Dock |
| 0:54 | WeedMan · first_building Dock |
| 1:09 | CR | Spinetta251 · first_building Dock |
| 1:56 | QNA | Apachai Hopachai · wall_segment Palisade Wall x1 |
| 2:00 | QNA | Apachai Hopachai · wall_segment Palisade Wall x1 |
| 2:12 | Learning :) · first_building Dock |
| 2:36 | Ceeelebrate · first_building Dock |
| 3:08 | QNA | Apachai Hopachai · wall_segment Palisade Wall x1 |
| 3:12 | QNA | Apachai Hopachai · first_building Dock |
| 3:20 | QNA | Apachai Hopachai · wall_segment Palisade Wall x1 |
| 3:22 | QNA | Apachai Hopachai · wall_segment Palisade Wall x1 |
| 5:09 | Ceeelebrate · wall_segment Palisade Wall x1 |
| 5:12 | Ceeelebrate · wall_segment Palisade Wall x1 |
| 5:30 | John II · wall_segment Palisade Wall x1 |
| 5:34 | John II · wall_segment Palisade Wall x1 |
| 5:35 | John II · wall_segment Palisade Wall x1 |
| 5:36 | John II · wall_segment Palisade Wall x1 |
| 5:39 | John II · wall_segment Palisade Wall x1 |
| 5:39 | John II · wall_segment Palisade Wall x1 |
| 5:41 | John II · wall_segment Palisade Wall x1 |
| 10:02 | CR | Spinetta251 · first_building Barracks |
| 10:35 | QNA | Apachai Hopachai · wall_segment Palisade Wall x1 |
| 10:36 | QNA | Apachai Hopachai · wall_segment Palisade Wall x1 |
| 10:38 | QNA | Apachai Hopachai · wall_segment Palisade Wall x1 |
| 10:39 | QNA | Apachai Hopachai · wall_segment Palisade Wall x1 |
| 10:59 | Learning :) · first_building Barracks |
| 11:06 | QNA | Apachai Hopachai · wall_segment Palisade Wall x1 |
| 11:21 | John II · age_up feudal |
| 11:30 | CR | Spinetta251 · age_up feudal |
| 11:34 | CR | Spinetta251 · first_building Archery Range |
| 11:51 | John II · wall_segment Palisade Wall x1 |
| 11:52 | John II · wall_segment Palisade Wall x1 |
| 11:53 | John II · wall_segment Palisade Wall x1 |
| 11:59 | QNA | Apachai Hopachai · wall_segment Palisade Wall x5 |
| 12:47 | WeedMan · age_up feudal |
| 12:51 | Ceeelebrate · age_up feudal |
| 13:44 | Learning :) · age_up feudal |
| 13:52 | Learning :) · first_building Stable |
| 13:55 | QNA | Apachai Hopachai · age_up feudal |
| 15:38 | Learning :) · wall_segment Stone Wall x2 |
| 17:13 | CR | Spinetta251 · wall_segment Stone Wall x1 |
| 17:13 | WeedMan · age_up castle |
| 17:15 | WeedMan · first_market_buy 100 wood |
| 17:25 | Learning :) · age_up castle |
| 18:17 | Learning :) · first_building Castle |
| 18:20 | CR | Spinetta251 · wall_segment Palisade Wall x1 |
| 18:43 | QNA | Apachai Hopachai · age_up castle |
| 18:48 | QNA | Apachai Hopachai · first_building Siege Workshop |
| 19:01 | WeedMan · wall_segment Stone Wall x8 |
| 19:13 | WeedMan · wall_segment Stone Wall x12 |
| 19:34 | WeedMan · first_building Monastery |
| 19:36 | QNA | Apachai Hopachai · first_market_sell 100 food |
| 19:37 | QNA | Apachai Hopachai · first_market_buy 100 stone |
| 19:51 | CR | Spinetta251 · first_building Stable |
| 22:15 | Ceeelebrate · age_up castle |
| 22:16 | WeedMan · first_market_sell 100 food |
| 22:49 | WeedMan · first_building Castle |
| 23:31 | WeedMan · wall_segment Stone Wall x13 |
| 23:32 | CR | Spinetta251 · first_market_buy 100 stone |
| 24:18 | WeedMan · wall_segment Stone Wall x12 |
| 24:39 | WeedMan · wall_segment Stone Wall x25 |
| 25:11 | WeedMan · wall_segment Stone Wall x19 |
| 25:13 | CR | Spinetta251 · first_market_sell 100 wood |
| 26:36 | QNA | Apachai Hopachai · wall_segment Palisade Wall x4 |
| 26:49 | Learning :) · first_market_buy 100 wood |
| 27:13 | Ceeelebrate · first_building Barracks |
| 27:22 | John II · age_up castle |
| 27:33 | Learning :) · first_market_sell 100 food |
| 27:59 | WeedMan · wall_segment Stone Wall x4 |
| 28:05 | Ceeelebrate · first_market_buy 100 stone |
| 28:06 | CR | Spinetta251 · age_up castle |
| 28:19 | QNA | Apachai Hopachai · wall_segment Palisade Wall x5 |
| 28:28 | QNA | Apachai Hopachai · wall_segment Palisade Wall x1 |
| 28:32 | QNA | Apachai Hopachai · wall_segment Palisade Wall x7 |
| 28:41 | Ceeelebrate · first_building Archery Range |
| 28:52 | CR | Spinetta251 · wall_segment Palisade Wall x1 |
| 28:53 | CR | Spinetta251 · wall_segment Palisade Wall x1 |
| 28:54 | CR | Spinetta251 · wall_segment Palisade Wall x1 |
| 29:09 | QNA | Apachai Hopachai · wall_segment Palisade Wall x3 |
| 29:11 | QNA | Apachai Hopachai · wall_segment Palisade Wall x5 |
| 29:20 | WeedMan · first_building Barracks |
| 30:31 | WeedMan · wall_segment Palisade Wall x1 |
| 30:32 | WeedMan · wall_segment Palisade Wall x1 |
| 30:54 | Ceeelebrate · first_market_sell 100 food |
| 32:06 | QNA | Apachai Hopachai · first_building Monastery |
| 32:10 | WeedMan · first_building Siege Workshop |
| 32:18 | John II · first_building Castle |
| 32:36 | WeedMan · wall_segment Stone Wall x13 |
| 33:13 | Ceeelebrate · first_building Castle |
| 33:48 | WeedMan · age_up imperial |
| 34:11 | John II · first_building Barracks |
| 34:35 | WeedMan · wall_segment Stone Wall x4 |
| 34:42 | CR | Spinetta251 · first_building Siege Workshop |
| 35:35 | WeedMan · wall_segment Stone Wall x5 |
| 36:02 | John II · first_building Archery Range |
| 36:24 | CR | Spinetta251 · first_building Castle |
| 36:33 | John II · first_market_sell 100 stone |
| 36:57 | QNA | Apachai Hopachai · wall_segment Palisade Wall x1 |
| 36:59 | QNA | Apachai Hopachai · wall_segment Palisade Wall x1 |
| 37:00 | QNA | Apachai Hopachai · wall_segment Palisade Wall x1 |
| 37:02 | QNA | Apachai Hopachai · wall_segment Palisade Wall x1 |
| 37:38 | Learning :) · age_up imperial |
| 37:45 | WeedMan · wall_segment Stone Wall x1 |
| 39:29 | John II · age_up imperial |
| 39:43 | WeedMan · wall_segment Stone Wall x10 |
| 39:53 | Ceeelebrate · first_building Monastery |
| 40:40 | Ceeelebrate · age_up imperial |
| 40:58 | John II · tribute_sent a jugador 1 |
| 40:58 | John II · tribute_sent a jugador 2 |
| 40:58 | John II · tribute_sent a jugador 3 |
| 40:58 | John II · tribute_sent a jugador 5 |
| 40:58 | John II · tribute_sent a jugador 6 |
| 43:16 | WeedMan · first_building Archery Range |
| 43:52 | WeedMan · first_building Stable |
| 45:54 | John II · tribute_sent a jugador 1 |
| 45:54 | John II · tribute_sent a jugador 2 |
| 45:54 | John II · tribute_sent a jugador 3 |
| 45:54 | John II · tribute_sent a jugador 5 |
| 45:54 | John II · tribute_sent a jugador 6 |
| 45:59 | Ceeelebrate · first_building Siege Workshop |
| 46:27 | QNA | Apachai Hopachai · first_building Barracks |
| 47:13 | QNA | Apachai Hopachai · first_building Stable |
| 51:03 | QNA | Apachai Hopachai · age_up imperial |
| 51:43 | John II · tribute_sent a jugador 1 |
| 51:43 | John II · tribute_sent a jugador 2 |
| 51:43 | John II · tribute_sent a jugador 3 |
| 51:43 | John II · tribute_sent a jugador 5 |
| 51:43 | John II · tribute_sent a jugador 6 |
| 52:38 | WeedMan · wall_segment Palisade Wall x1 |
| 52:39 | QNA | Apachai Hopachai · first_building Archery Range |
| 53:39 | WeedMan · wall_segment Stone Wall x1 |
| 54:03 | WeedMan · wall_segment Stone Wall x4 |
| 54:09 | QNA | Apachai Hopachai · first_building Castle |
| 56:21 | Ceeelebrate · tribute_sent a jugador 2 |
| 56:21 | Ceeelebrate · tribute_sent a jugador 3 |
| 56:21 | Ceeelebrate · tribute_sent a jugador 4 |
| 56:21 | Ceeelebrate · tribute_sent a jugador 5 |
| 56:21 | Ceeelebrate · tribute_sent a jugador 6 |
| 56:29 | John II · tribute_sent a jugador 1 |
| 56:29 | John II · tribute_sent a jugador 2 |
| 56:29 | John II · tribute_sent a jugador 3 |
| 56:29 | John II · tribute_sent a jugador 5 |
| 56:29 | John II · tribute_sent a jugador 6 |
| 56:43 | WeedMan · resign |
[ ANÁLISIS IA · 1 CRÉDITO ]
¿Qué pasó realmente en esta partida?
Wolo.gg analiza cada decisión: build order, eco, micro, errores típicos por bracket. Análisis personalizado por WhatsApp o Discord en 30 segundos.
Guía civ
Polacos
Perfil
Jugador #8293204